 Dungeon Crawl Stone Soup version 0.21-a0-641-geef9d7f (webtiles) character file.

5189 TheGoonsmith the Destroyer (level 10, -1/56 HPs)
             Began as a Gargoyle Fire Elementalist on Dec 30, 2017.
             Was an Elder of Sif Muna.
             Slain by a blink frog (11 damage)
             ... on level 1 of the Lair of Beasts.
             The game lasted 00:18:27 (9413 turns).

TheGoonsmith the Destroyer (GrFE)                   Turns: 9413, Time: 00:18:27

Health: -1/56      AC: 14    Str: 13    XL:     10   Next: 60%
Magic:  14/29      EV: 12    Int: 18    God:    Sif Muna [****..]
Gold:   444        SH:  0    Dex: 10    Spells: 10/23 levels left

rFire    . . .     SeeInvis .   B - +2 dire flail (venom)
rCold    . . .     Gourm    .   (shield currently unavailable)
rNeg     + . .     Faith    .   e - +2 robe {Archmagi}
rPois    ∞         Spirit   .   g - +0 helmet
rElec    +         Reflect  .   s - +0 cloak
rCorr    .         Harm     .   (no gloves)
MR       .....                  p - +0 pair of boots
Stlth    ++........             (no amulet)
HPRegen  0.18/turn              r - ring of magical power
MPRegen  0.21/turn              (no ring)

@: divine energy
A: negative energy resistance 1, electricity resistance, unbreathing,
petrification resistance, rot immunity, AC +7
a: Stop Divine Energy, Channel Magic, Forget Spell, Renounce Religion


You were on level 1 of the Lair of Beasts.
You worshipped Sif Muna.
Sif Muna was greatly pleased with you.
You were very hungry.

You visited 3 branches of the dungeon, and saw 10 of its levels.
You also visited: Sewer.

You collected 551 gold pieces.
You spent 107 gold pieces at shops.

Inventory:

Hand Weapons
 f - a +1 club
 i - a -2 whip
 y - a +0 flail
 B - a +2 dire flail of venom (weapon)
Armour
 a - a +0 robe
 e - a +2 robe of the Archmagi (worn)
 g - a +0 helmet (worn)
 p - a +0 pair of boots (worn)
 s - a +0 cloak (worn)
Jewellery
 j - an uncursed ring of poison resistance {unknown}
 r - a ring of magical power (left hand)
Wands
 v - a wand of paralysis (14)
 A - a wand of flame (23)
 C - a wand of random effects (22)
Scrolls
 h - 5 scrolls of teleportation
 l - 7 scrolls of remove curse
 m - 3 scrolls of enchant weapon
 t - 9 scrolls of blinking
Potions
 d - a potion of brilliance
 k - a potion of magic
 n - 3 potions of mutation
 o - 2 potions of might
 q - 2 potions of lignification
 u - a potion of resistance {unknown}
 w - 2 potions of curing
 x - a potion of haste
 z - a potion of berserk rage {unknown}
 F - a potion of heal wounds
Books
 b - a book of Flames

   Spells                             Type                      Level
   a - Flame Tongue                   Conjuration/Fire             1
   b - Throw Flame                    Conjuration/Fire             2
   c - Conjure Flame                  Conjuration/Fire             3
   d - Inner Flame                    Hexes/Fire                   3
   e - Sticky Flame                   Conjuration/Fire             4
   f - Fireball                       Conjuration/Fire             5
Comestibles
 c - 12 rations


   Skills:
 - Level 4.0 Fighting
 - Level 1.5 Dodging
 - Level 2.1 Stealth
 - Level 7.0 Spellcasting
 + Level 10.8 Conjurations
 + Level 9.0 Fire Magic


You had 10 spell levels left.
You knew the following spells:

 Your Spells              Type           Power        Failure   Level  Hunger
a - Flame Tongue          Conj/Fire      #####        1%          1    None
c - Conjure Flame         Conj/Fire      ######..     1%          3    ##.....
f - Fireball              Conj/Fire      ######....   4%          5    #####..
s - Sticky Flame          Conj/Fire      ######..     1%          4    ####...


Dungeon Overview and Level Annotations

Branches:
Dungeon (8/15)             Temple (1/1) D:4            Lair (1/6) D:8

Altars:
Ashenzari
Cheibriados
Dithmenos
Elyvilon
Fedhas
Gozag
Hepliaklqana
Kikubaaqudgha
Makhleb
Nemelex Xobeh
Okawaru
Qazlal
Ru
Sif Muna
Trog
Uskayaw
Vehumet
Wu Jian
Xom
Zin
The Shining One

Shops:
D:8 *


Innate Abilities, Weirdness & Mutations

You are resistant to torment.
Your stone body is resilient. (AC +7)
You are immune to poison.
You resist negative energy. (rN+)
You are resistant to electric shocks. (rElec)
You can survive without breathing.
You are immune to petrification.
You are immune to rotting.


Message History

The blink frog blinks!
The blink frog burns!
The blink frog closely misses you.
The blink frog burns!
The blink frog closely misses you.
The blink frog burns!
The blink frog blinks!
The blink frog misses you.
Casting: Sticky Flame
Confirm with . or Enter, or press ? or * to list all spells.
Aiming: Sticky Flame
Press: ? - help, Shift-Dir - straight line, f - blink frog, p - blink frog
Aim: a blink frog You feel a surge of power!
The sticky flame hits the blink frog.
The blink frog is moderately wounded.
The blink frog is covered in liquid flames!
The blink frog burns! x2
You kill the blink frog!
Sif Muna accepts your kill.
Training target 7.0 for Spellcasting reached!
Your Spellcasting skill increases to level 7!
Your Fire Magic skill increases to level 9!
The blink frog hits you!
You die...

#..###.P...#.#. #. ##...##
#.... # ##..# ....# #..#
#...# #..# ### #...##
##..####.###....#
##P#...†...........#
...................#
.........@.........#
.....#.###F##.###...#
.....#....§.....#...#####.#
.... #..........+..........
...) #...†...........######
#..........P.....#
#..........#....##
+.....F....#....#
#..........#....##


You could see 2 blink frogs.

Vanquished Creatures
  A hydra (Lair:1)
  2 blink frogs (Lair:1)
  Sigmund (D:5)
  A wyvern (D:8)
  A hungry ghost (D:8)
  Edmund (D:6)
  Menkaure (D:6)
  A porcupine (D:8)
  An ice beast (D:5)
  An orc warrior (D:8)
  4 sky beasts
  3 phantoms
  4 ogres
  2 centaurs
  A crocodile (D:8)
  A wyvern zombie (D:6)
  3 bullfrogs
  A scorpion (D:8)
  12 killer bees (D:8)
  A howler monkey (D:5)
  2 crimson imps (D:8)
  2 jellies (D:5)
  2 bullfrog skeletons
  A centaur skeleton (D:4)
  5 orc priests
  2 hounds
  3 orc wizards
  3 iguanas (D:4)
  Natasha (twice) (D:3)
  9 worker ants
  A hound skeleton (D:5)
  A worker ant zombie (D:6)
  10 adders
  A river rat (D:5)
  A shadow imp (D:8)
  2 oozes
  2 adder zombies
  2 adder skeletons
  3 worms
  A dart slug (D:2)
  6 leopard geckos
  17 orcs
  5 ball pythons
  11 giant cockroaches
  5 goblins
  7 hobgoblins
  13 jackals
  4 quokkas
  4 bats
  14 frilled lizards
  A giant cockroach zombie (D:6)
  8 kobolds
  5 rats
198 creatures vanquished.

Vanquished Creatures (others)
  11 fungi (D:8)
  2 plants (D:8)
13 creatures vanquished.

Grand Total: 211 creatures vanquished

Notes
Turn   | Place    | Note
-------+----------+-------------------------------------------
     0 | D:1      | TheGoonsmith the Gargoyle Fire Elementalist began the quest for the Orb.
     0 | D:1      | Reached XP level 1. HP: 10/10 MP: 3/3
   152 | D:1      | Reached XP level 2. HP: 15/15 MP: 0/5
   779 | D:1      | Reached skill level 2 in Conjurations
   793 | D:1      | Reached XP level 3. HP: 19/19 MP: 4/6
  1510 | D:2      | Found a sparkling altar of Nemelex Xobeh.
  1736 | D:2      | Reached XP level 4. HP: 24/24 MP: 3/8
  2131 | D:3      | Learned a level 4 spell: Sticky Flame
  2135 | D:3      | Learned a level 3 spell: Conjure Flame
  2304 | D:3      | Noticed Sigmund
  2651 | D:3      | Reached skill level 3 in Conjurations
  2658 | D:3      | Reached XP level 5. HP: 28/28 MP: 9/9
  2865 | D:3      | Noticed Natasha
  2871 | D:3      | Killed Natasha
  3024 | D:3      | Noticed Natasha
  3029 | D:3      | Killed Natasha
  3053 | D:3      | Found an opulent altar of Gozag.
  3211 | D:4      | Reached skill level 4 in Conjurations
  3211 | D:4      | Reached XP level 6. HP: 16/32 MP: 10/10
  3564 | D:4      | Reached skill level 5 in Fire Magic
  3576 | D:4      | Found a staircase to the Ecumenical Temple.
  3592 | Temple   | Entered the Ecumenical Temple
  3659 | Temple   | Became a worshipper of Sif Muna the Loreminder
  3688 | D:4      | Reached skill level 5 in Conjurations
  3688 | D:4      | Reached XP level 7. HP: 36/36 MP: 11/11
  3913 | D:4      | Found a hazy altar of Hepliaklqana.
  4510 | D:5      | Entered Level 5 of the Dungeon
  4580 | D:5      | Reached skill level 6 in Conjurations
  4626 | D:5      | Reached skill level 1 in Fighting
  4707 | D:5      | Killed Sigmund
  4809 | D:5      | Reached XP level 8. HP: 47/48 MP: 12/12
  4824 | D:5      | Found a glowing drain.
  4828 | Sewer    | Entered a sewer
  5123 | D:5      | Learned a level 5 spell: Fireball
  5137 | D:5      | Found a white marble altar of Elyvilon.
  5156 | D:5      | Reached skill level 7 in Conjurations
  5349 | D:5      | Reached * piety under Sif Muna
  5933 | D:5      | Reached skill level 8 in Conjurations
  6037 | D:6      | Noticed Menkaure
  6044 | D:6      | Killed Menkaure
  6044 | D:6      | Reached XP level 9. HP: 42/52 MP: 15/15
  6204 | D:6      | Reached ** piety under Sif Muna
  6256 | D:6      | Reached skill level 5 in Spellcasting
  6258 | D:6      | Found a shimmering altar of Xom.
  6694 | D:6      | Found a glowing golden altar of the Shining One.
  7182 | D:6      | Noticed Edmund
  7196 | D:6      | Killed Edmund
  7530 | D:7      | Found a shattered altar of Ashenzari.
  7610 | D:7      | Found a radiant altar of Vehumet.
  7842 | D:8      | Found an opulent altar of Gozag.
  7931 | D:8      | Reached *** piety under Sif Muna
  7934 | D:8      | Reached skill level 9 in Conjurations
  8506 | D:8      | Found Cusaurph's Assorted Antiques.
  8517 | D:8      | Bought a coppery potion for 33 gold pieces
  8517 | D:8      | Bought a scroll labeled VELOMUMOOR for 37 gold pieces
  8517 | D:8      | Bought a scroll labeled URGHIU KOQUURAJ for 37 gold pieces
  8547 | D:8      | Reached XP level 10. HP: 55/56 MP: 19/19
  8566 | D:8      | Reached skill level 10 in Conjurations
  8905 | D:8      | Found a staircase to the Lair.
  8944 | D:8      | Reached **** piety under Sif Muna
  9015 | D:8      | Found a burning altar of Makhleb.
  9016 | D:8      | Found a shimmering altar of Xom.
  9215 | Lair:1   | Entered Level 1 of the Lair of Beasts
  9282 | Lair:1   | Noticed a six-headed hydra
  9302 | Lair:1   | Killed a six-headed hydra
  9413 | Lair:1   | Slain by a blink frog

Vault maps used:
D:1:      elethiomel_arrival_quiet
D:2:      first_ration, nemelex_diamond_rough_becter
D:3:      nicolae_gozag_cash_rules_everything_around_me, uniq_natasha,
          uniq_sigmund
D:4:      nicolae_overflow_crystal_walls, temple_pool_b
D:5:      minmay_diamond_boxcup, lemuel_doored_altar, gup_sewer_entry_bowl
D:6:      tso_oasis_becter, xom_confusion_cloud, uniq_menkaure, uniq_edmund
D:7:      kennysheep_mini, vehumet_altar_wand_db
D:8:      overflow_temple_1_default, grunt_temple_overflow_champion_of_chaos,
          grunt_lair_entry_orc_guard_hut, serial_shops, nicolae_shop_statue_plus
Temple:   cyrus_circular_temple
Lair:1:   uniq_nergalle
Sewer:    sewer_frog_island_01

Skill      XL: |  1  2  3  4  5  6  7  8  9 10 |
---------------+-------------------------------+-----
Conjurations   | 2 3 4 5 6 8 9 10 | 10.8
Spellcasting   | 3 4 6 7 |  7.0
Fire Magic     | 4 5 6 8 9 |  9.0
Fighting       | 4 |  4.0
Dodging        | |  1.5
Stealth        | |  2.1

Action                   |  1- 3 |  4- 6 |  7- 9 | 10-12 || total
-------------------------+-------+-------+-------+-------++-------
Melee: Unarmed           |     7 |       |       |       ||     7
       Club              |     6 |     1 |   171 |       ||   178
       Whip              |       |    52 |       |       ||    52
       Dire flail        |       |       |    34 |     2 ||    36
 Cast: Flame Tongue      |    77 |   100 |   264 |    79 ||   520
       Conjure Flame     |       |     1 |     4 |       ||     5
       Sticky Flame      |       |       |     6 |     8 ||    14
       Fireball          |       |       |     1 |       ||     1
Invok: Divine Energy     |       |       |       |     1 ||     1
Evoke: Wand              |       |       |     1 |       ||     1
  Use: Scroll            |       |     7 |     8 |     3 ||    18
       Potion            |       |       |     3 |       ||     3
 Stab: Paralysed         |       |       |     6 |       ||     6
  Eat: Chunk             |     3 |     6 |     5 |     2 ||    16
       Ration            |       |       |     4 |       ||     4
Armor: Robe              |    13 |    42 |   159 |    25 ||   239
Dodge: Dodged            |    28 |    84 |   180 |    47 ||   339

Table legend:
 A = Spawn XP
 B = Non-spawn XP
 C = Spawn XP percentage of total XP
 D = Spawn monster count
 E = Non-spawn monster count
 F = Spawn count percentage of total count
 G = Total turns spent on level
                    A         B        C        D         E        F      G
               +---------+---------+-------+---------+---------+-------+---------
         Total |       0 |    7413 |   0.0 |       0 |     198 |   0.0 |  9413
               +---------+---------+-------+---------+---------+-------+---------
           D:1 |       0 |      38 |   0.0 |       0 |      23 |   0.0 |   971
           D:2 |       0 |      80 |   0.0 |       0 |      29 |   0.0 |  1261
           D:3 |       0 |     132 |   0.0 |       0 |      16 |   0.0 |   953
           D:4 |       0 |     446 |   0.0 |       0 |      13 |   0.0 |  1252
           D:5 |       0 |    1308 |   0.0 |       0 |      31 |   0.0 |  1257
           D:6 |       0 |    1352 |   0.0 |       0 |      24 |   0.0 |  1364
           D:7 |       0 |     142 |   0.0 |       0 |       5 |   0.0 |   610
           D:8 |       0 |    2160 |   0.0 |       0 |      36 |   0.0 |  1199
        Lair:1 |       0 |    1560 |   0.0 |       0 |       3 |   0.0 |   198
         Sewer |       0 |     195 |   0.0 |       0 |      18 |   0.0 |   275
               +---------+---------+-------+---------+---------+-------+---------
